 Dungeon Crawl Stone Soup version 0.30-a0-1114-gd936c97349 (webtiles) character file.

Game seed: 7010683609098693678

3628 lorenzova the Thaumaturge (level 9, -4/38 (45) HPs)
             Began as a Deep Elf Conjurer on Apr 20, 2023.
             Was a Follower of Vehumet.
             Shot with an arrow by a centaur (11 damage)
             ... on level 9 of the Dungeon.
             The game lasted 00:21:40 (11651 turns).

lorenzova the Thaumaturge (Deep Elf Conjurer)      Turns: 11651, Time: 00:21:40

HP:   -4/38 (45)    AC:  3    Str:  4    XL:     9   Next: 87%
MP:   20/26         EV: 12    Int: 34    God:    Vehumet [*.....]
Gold: 406           SH:  0    Dex: 13    Spells: 18/31 levels left

rFire   . . .      SeeInvis +    y - +2 dagger (venom)
rCold   . . .      Faith    .    (no shield)
rNeg    . . .      Spirit   .    a - +0 robe
rPois   .          Reflect  .    (no helmet)
rElec   .          Rampage  .    (no cloak)
rCorr   .                        p - +0 pair of gloves
Will    .....                    (no boots)
Stlth   ++                       (no amulet)
HPRegen 0.26/turn                k - ring of see invisible
MPRegen 0.20/turn                I - +6 ring of intelligence

@: heavily drained
A: no striking features
a: Renounce Religion


You were on level 9 of the Dungeon.
You worshipped Vehumet.
Vehumet was aware of your devotion.
You visited 2 branches of the dungeon, and saw 10 of its levels.

You collected 406 gold pieces.

Inventory:

Hand Weapons
 y - a +2 dagger of venom (weapon)
Armour
 a - a +0 robe (worn)
 p - a +0 pair of gloves (worn)
Magical Staves
 h - a staff of earth
 v - a staff of death
 C - a staff of fire
Jewellery
 k - a ring of see invisible (left hand)
 n - a +6 ring of dexterity
 x - a ring of positive energy
 B - an amulet of faith
 D - a ring of ice
 I - a +6 ring of intelligence (right hand)
 L - a +6 ring of strength
 M - a ring of positive energy
Wands
 t - a wand of charming (23)
 E - a wand of digging (5)
 J - a wand of flame (35)
Scrolls
 c - 4 scrolls of poison
 d - 2 scrolls of amnesia
 e - a scroll of enchant armour
 f - 6 scrolls of teleportation
 g - 4 scrolls of enchant weapon
 l - a scroll of brand weapon {unknown}
 m - 3 scrolls of noise
 q - a scroll of fog {unknown}
 z - a scroll of vulnerability {unknown}
 G - a scroll of torment {unknown}
 H - a scroll of silence {unknown}
 N - a scroll of identify
 P - a scroll of butterflies {unknown}
 Q - a scroll of immolation {unknown}
Potions
 b - 2 potions of magic
 i - 2 potions of heal wounds
 j - 3 potions of degeneration
 o - a potion of flight {unknown}
 r - a potion of ambrosia {unknown}
 s - 2 potions of haste {unknown}
 u - a potion of might {unknown}
 w - 3 potions of curing
 A - 3 potions of brilliance
 F - 2 potions of lignification {unknown}
 K - a potion of mutation {unknown}
 O - a potion of cancellation {unknown}


   Skills:
 - Level 2.4 Dodging
 - Level 2.4 Stealth
 * Level 11.8 Spellcasting
 * Level 10.5 Conjurations
 + Level 3.7 Hexes
 + Level 3.4 Necromancy
 + Level 5.7 Fire Magic


You had 18 spell levels left.
You knew the following spells:

 Your Spells              Type           Power      Damage    Failure   Level
a - Magic Dart            Conj           100%       1d8       1%          1
b - Searing Ray           Conj           100%       2d8       1%          2
c - Iskenderun's Mystic   Conj/Tloc      54%        2d12      2%          4
d - Fulminant Prism       Conj/Hex       31%        3d15      1%          4
f - Scorch                Fire           100%       2d9       1%          2

Your spell library contained the following spells:

 Spells                   Type           Power      Damage    Failure   Level
 Shock                    Conj/Air       100%       1d9       1%          1
 Sublimation of Blood     Necr           43%        N/A       1%          2
 Dazzling Flash           Conj/Hex       100%       N/A       1%          3
 Stone Arrow              Conj/Erth      100%       3d13      1%          3
 Flame Wave               Conj/Fire      66%        2d15      1%          4
 Sandblast                Erth           40%        2d10      2%          1
 Passwall                 Tmut/Erth      16%        N/A       3%          2
 Wereblood                Tmut           20%        N/A       3%          2
 Ozocubu's Armour         Ice            20%        N/A       7%          3
 Summon Cactus Giant      Summ           10%        N/A       98%         6
 Ozocubu's Refrigeration  Ice            10%        4d9       100%        7
 Summon Hydra             Summ           10%        N/A       100%        7


Dungeon Overview and Level Annotations

Branches:
Dungeon (9/15)             Temple (1/1) D:5            Lair (0/5) D:8
    Orc: D:9-12

Altars:
Ashenzari
Cheibriados
Dithmenos
Elyvilon
Fedhas
Hepliaklqana
Kikubaaqudgha
Makhleb
Nemelex Xobeh
Okawaru
Qazlal
Ru
Sif Muna
Trog
Uskayaw
Vehumet
Wu Jian
Xom
Yredelemnul
Zin
The Shining One

Annotations:
D:3 2 transporters, PostNTower's ghost, amateur DsFi


Message History

Your fulminant prism crackles loudly.
Your fulminant prism explodes!
The blast of energy engulfs the acid dragon!!
You kill the acid dragon!
Vehumet accepts your kill.
The blast of energy engulfs the gnoll sergeant!
You kill the gnoll sergeant!
Vehumet accepts your kill.
The blast of energy engulfs the gnoll!!
You kill the gnoll!
Vehumet accepts your kill.
You hear a shout!
You hear a horrible gurgling sound!
Unknown command.
Unknown command.
There is a stone staircase leading up here.
You start resting.
A centaur comes into view.
Casting: Fulminant Prism (dangerous; 1% risk of failure)
Confirm with . or Enter, or press ? or * to list all spells.
Aiming: Fulminant Prism (dangerous; 1% risk of failure)
Press: ? - help, Dir - move target You conjure a prism of explosive energy!
The centaur shouts!
A fulminant prism comes into view.
The centaur wields a +1 shortbow of draining.
You sense an unholy aura.
The centaur shoots an arrow.
The arrow closely misses you.
The centaur shoots an arrow.
The arrow hits you!
You feel drained.
The centaur shoots an arrow.
The arrow hits you.
You feel drained.
Your fulminant prism crackles loudly.
Unknown command.
The centaur shoots an arrow.
The arrow hits you!
You feel drained.
Your fulminant prism explodes!
You hear a horrible gurgling sound!
The centaur shoots an arrow.
The arrow hits you!
* * * LOW HITPOINT WARNING * * *
You feel drained.
* * * LOW HITPOINT WARNING * * *
The centaur shoots an arrow.
The arrow hits you!
You die...

##########
.........#
.........#
.........#
.........#
.......@.#
.........#
.........#
.....)...#
.......))#
#....))..#
#......).#
#.c..?...#


You could see a centaur.

Vanquished Creatures
  Pikel (D:8)
  A hornet (D:7)
  A steam dragon (D:6)
  An acid dragon (D:9)
  3 water moccasins
  An orc warrior (D:8)
  3 ogres
  2 lemures (D:8)
  2 phantoms
  A centaur (D:5)
  A kobold brigand (D:8)
  A gnoll sergeant (D:9)
  5 bullfrogs
  A scorpion (D:6)
  2 howler monkeys
  5 hounds
  3 jellies
  2 orc priests
  Jessica (D:3)
  3 iguanas
  2 sleepcaps
  14 orc wizards
  18 adders
  5 gnolls (D:9)
  4 white imps
  An ufetubus (D:6)
  3 worms
  7 dart slugs
  42 orcs
  11 ball pythons
  8 bats
  7 endoplasms
  3 giant cockroaches
  6 goblins
  10 hobgoblins
  8 jackals
  14 kobolds
  3 quokkas
  3 frilled lizards
  9 rats
218 creatures vanquished.

Vanquished Creatures (others)
  5 fulminant prisms
5 creatures vanquished.

Grand Total: 223 creatures vanquished

Notes
Turn   | Place    | Note
-------+----------+-------------------------------------------
     0 | D:1      | lorenzova the Deep Elf Conjurer began the quest for the
                  | Orb.
     0 | D:1      | Reached XP level 1. HP: 10/10 MP: 6/6
   121 | D:1      | Reached XP level 2. HP: 15/15 MP: 4/8
   440 | D:1      | Reached skill level 4 in Spellcasting
   540 | D:1      | Reached skill level 5 in Conjurations
   540 | D:1      | Reached XP level 3. HP: 19/19 MP: 8/10
  1225 | D:2      | Found a faded altar of an unknown god.
  1578 | D:2      | Reached XP level 4. HP: 24/24 MP: 8/12
  1776 | D:2      | Reached skill level 5 in Spellcasting
  1968 | D:2      | Learned a level 2 spell: Searing Ray
  1982 | D:2      | Reached XP level 5. HP: 28/28 MP: 10/14
  2621 | D:3      | Noticed Jessica
  2623 | D:3      | Killed Jessica
  2779 | D:3      | Reached skill level 6 in Spellcasting
  2816 | D:3      | Learned a level 2 spell: Scorch
  2836 | D:3      | Found a shimmering blue altar of Sif Muna.
  2951 | D:3      | Found a transporter.
  2967 | D:3      | Noticed PostNTower's ghost (amateur DsFi)
  2969 | D:3      | Found a transporter.
  2970 | D:3      | Noticed a phantom
  3424 | D:4      | Reached XP level 6. HP: 32/32 MP: 12/17
  3826 | D:4      | Reached skill level 1 in Fire Magic
  4099 | D:4      | Reached skill level 7 in Spellcasting
  4531 | D:4      | Reached XP level 7. HP: 36/36 MP: 15/19
  4655 | D:5      | Entered Level 5 of the Dungeon
  5058 | D:5      | Reached skill level 8 in Spellcasting
  5736 | D:5      | Found a staircase to the Ecumenical Temple.
  5856 | D:5      | Reached XP level 8. HP: 6/41 MP: 16/22
  6038 | Temple   | Entered the Ecumenical Temple
  6047 | Temple   | Became a worshipper of Vehumet
  6550 | D:6      | Reached skill level 9 in Spellcasting
  7052 | D:6      | Identified the +0 leather armour of Divine Compulsion
                  | {-Cast Harm Regen+ Dex+2}
  7849 | D:6      | Found a bloodstained altar of Trog.
  7854 | D:6      | Found a basalt altar of Yredelemnul.
  7854 | D:6      | Found a white marble altar of Elyvilon.
  7863 | D:6      | Reached skill level 10 in Spellcasting
  8685 | D:7      | Noticed a hornet
  8700 | D:6      | Learned a level 4 spell: Iskenderun's Mystic Blast
  8705 | D:6      | Learned a level 4 spell: Fulminant Prism
  8736 | D:7      | Reached * piety under Vehumet
  8736 | D:7      | Offered knowledge of Shock by Vehumet.
  8797 | D:7      | Killed a hornet
  8798 | D:7      | Reached skill level 1 in Hexes
  8798 | D:7      | Reached skill level 1 in Necromancy
  8798 | D:7      | Reached XP level 9. HP: 21/45 MP: 16/25
  9455 | D:7      | Reached skill level 5 in Fire Magic
  9665 | D:7      | Found a glowing silver altar of Zin.
 10322 | D:8      | Found a staircase to the Lair.
 10390 | D:8      | Reached skill level 11 in Spellcasting
 10604 | D:8      | Found a blossoming altar of Fedhas.
 10784 | D:8      | Reached skill level 10 in Conjurations
 11454 | D:8      | Noticed Pikel
 11460 | D:8      | Killed Pikel
 11651 | D:9      | Shot with an arrow by a centaur

Illustrated notes

Levels and vault maps discovered:
D:1:      reono_arrival_forest_river, layout_rooms
D:2:      layout_loops_corners, nicolae_ecumenical_oubliette,
          minmay_snake_closets
D:3:      layout_rooms, general_overflow_altar, gammafunk_ghost_mausoleum,
          uniq_jessica
D:4:      layout_cave_pods, fountainhead
D:5:      layout_basic, minmay_temple_entry_nine_rooms,
          dreamdust_princess_corridor
D:6:      layout_gridville, gammafunk_temple_overflow_forgotten,
          minmay_misc_feat_four_crosses
D:7:      layout_basic, overflow_temple_1_default
D:8:      layout_loops_corners, mainiacjoe_overflow_24_doors, lair_entry_dummy,
          nrook_mini_backslash, hangedman_decor_push, uniq_pikel
D:9:      layout_small_grid, uniq_erolcha, uniq_gastronok, uniq_maurice,
          uniq_joseph
Temple:   nicolae_temple_no_exploring_needed

Skill      XL: |  1  2  3  4  5  6  7  8  9 |
---------------+----------------------------+-----
Spellcasting   | 4 5 6 7 8 10 11 | 11.8
Conjurations   | 5 6 7 8 9 10 | 10.5
Fire Magic     | 1 3 4 5 |  5.7
Hexes          | 1 3 |  3.7
Necromancy     | 1 3 |  3.4
Dodging        | |  2.4
Stealth        | |  2.4

Action                     |  1- 3 |  4- 6 |  7- 9 || total
---------------------------+-------+-------+-------++-------
  Melee: Dagger            |       |       |     6 ||     6
   Cast: Magic Dart        |    77 |   175 |   145 ||   397
         Searing Ray       |       |     3 |    51 ||    54
         Iskenderun's Myst |       |       |    15 ||    15
         Fulminant Prism   |       |       |     5 ||     5
    Use: Scroll            |       |     4 |     6 ||    10
         Potion            |       |       |     2 ||     2
 Armour: Robe              |     4 |     3 |     7 ||    14
  Dodge: Dodged            |     5 |    18 |    38 ||    61

Table legend: (Time is in decaauts)
 A = Elapsed time spent in this place.
 B = Non-inter-level travel time spent in this place.
 C = Inter-level travel time spent in this place.
 D = Time resting spent in this place.
 E = Time spent auto-exploring this place.
 F = Levels seen in this place.
 G = Mean time per level.
                   A        B        C        D        E       F      G
               +--------+--------+--------+--------+--------+-----+--------+
         Total |  11669 |  11030 |    639 |   5054 |   4306 |  10 | 1166.9 |
       Dungeon |  11650 |  11011 |    639 |   5054 |   4306 |   9 | 1294.4 |
        Temple |     18 |     18 |      0 |      0 |      0 |   1 |   18.0 |
               +--------+--------+--------+--------+--------+-----+--------+

Top non-repeatable levels by time:
     D:5: 1894 daAuts
     D:2: 1866 daAuts
     D:7: 1830 daAuts
     D:8: 1536 daAuts
     D:6: 1479 daAuts
     D:4: 1378 daAuts
     D:3: 851 daAuts
     D:1: 779 daAuts
     D:9: 31 daAuts
  Temple: 18 daAuts
